 Dungeon Crawl Stone Soup version 0.25-a0-102-gbfa96ce22d (webtiles) character file.

Game seed: 17351691795252054689, levelgen mode: deterministic

77 vurker the Magician (level 4, -1/32 HPs)
             Began as a Mummy Fire Elementalist on Nov 15, 2019.
             Slain by an orc wizard
             ... wielding a +0 dagger
              (3 damage)
             ... on level 3 of the Dungeon.
             The game lasted 00:03:26 (2482 turns).

vurker the Magician (Mummy Fire Elementalist)       Turns: 2482, Time: 00:03:27

Health: -1/32      AC:  2    Str: 11    XL:     4   Next: 14%
Magic:  1/9        EV: 12    Int: 15    God:
Gold:   139        SH:  0    Dex: 12    Spells: 9/10 levels left

rFire    x . .     SeeInvis .   d - +0 dagger
rCold    + . .     Gourm    .   (no shield)
rNeg     + + +     Faith    .   a - +0 robe
rPois    ∞         Spirit   .   (no helmet)
rElec    .         Reflect  .   (no cloak)
rCorr    .         Harm     .   (no gloves)
MR       .....                  (no boots)
Stlth    ++........             (no amulet)
HPRegen  0.10/turn              (no ring)
MPRegen  0.11/turn              (no ring)

@: no status effects
A: no food or potions, fire vulnerability, cold resistance 1, negative energy
resistance 3, torment resistance, unbreathing
a: no special abilities


You were on level 3 of the Dungeon.
You were not hungry.

You visited 1 branch of the dungeon, and saw 3 of its levels.

You collected 139 gold pieces.

Inventory:

Hand Weapons
 d - a +0 dagger (weapon)
   (You took it off a kobold on level 1 of the Dungeon)
Armour
 a - a +0 robe (worn)
Scrolls
 b - a scroll of identify {unknown}
 c - 2 scrolls of magic mapping {unknown}
 e - a scroll of fog {unknown}
 f - a scroll of enchant armour {unknown}
 g - a scroll of remove curse {unknown}
 h - 2 scrolls of enchant weapon {unknown}
 i - 2 scrolls of noise {unknown}


   Skills:
 + Level 1.0 Fighting
 - Level 1.5 Dodging
 - Level 1.5 Stealth
 * Level 3.6 Spellcasting
 * Level 1.9 Conjurations
 * Level 3.0 Fire Magic


You had 9 spell levels left.
You knew the following spells:

 Your Spells              Type           Power        Failure   Level  Hunger
a - Flame Tongue          Conj/Fire      ##...        7%          1    N/A

Your spell library contained the following spells:

 Spells                   Type           Power        Failure   Level  Hunger
 Throw Flame              Conj/Fire      ##....       11%         2    N/A
 Conjure Flame            Conj/Fire      ##......     21%         3    N/A
 Inner Flame              Hex/Fire       #.......     30%         3    N/A
 Sticky Flame             Conj/Fire      ##......     56%         4    N/A
 Fireball                 Conj/Fire      ##........   88%         5    N/A

Dungeon Overview and Level Annotations

Branches:
Dungeon (3/15)

Altars:
Hepliaklqana
Okawaru
Xom


Innate Abilities, Weirdness & Mutations

You do not eat or drink.
Your flesh is vulnerable to fire.
You are immune to poison.
Your flesh is cold resistant. (rC+)
You are immune to negative energy. (rN+++)
You are immune to unholy pain and torment.
You can survive without breathing.


Message History

Aim: an orc, wielding a +0 whip and wearing a +0 leather armour (severely wounded)
The flame tongue hits the orc.
You kill the orc!
A jackal comes into view.
The jackal closely misses you.
Aim: a jackal (almost dead)
The flame tongue hits the jackal.
You kill the jackal!
Aim: a jackal The flame tongue hits the jackal.
The jackal misses you. The jackal barely misses you.
Aim: a jackal (severely wounded)
The flame tongue hits the jackal.
You kill the jackal!
Your Fighting skill increases to level 1!
A bat comes into view.
You don't have enough magic to cast that spell.
You see here a scroll labeled KEHOYD HAASO.
You hear some strange, mumbled words.
A puff of flame appears from out of thin air!
The puff of flame hits you! The fire burns you terribly!
Ouch! That really hurt!
* * * LOW HITPOINT WARNING * * *
Something hits you.
* * * LOW HITPOINT WARNING * * *
You see here a scroll labeled KEHOYD HAASO.
A magic dart appears from out of thin air!
The magic dart hits you.
* * * LOW HITPOINT WARNING * * *
You hear some strange, mumbled words.
A puff of flame appears from out of thin air!
The puff of flame misses you.
You hear a shout!
You see here a scroll labeled KEHOYD HAASO.
Unknown command.
You hear a bark!
A magic dart appears from out of thin air!
The magic dart hits you.
* * * LOW HITPOINT WARNING * * *
You hit something. Something hits you but does no damage.
You closely miss something. Something barely misses you.
You barely miss something. Something hits you but does no damage.
You hit something but do no damage. Something barely misses you.
You miss something. Something hits you.
* * * LOW HITPOINT WARNING * * *
Something hits you.
You die...

#>...........#.....#
.#.#.#.)#.###.......#
..............#####.#
##......###.# # ##...###
#.# # #...# #.# # #
#...# #?##.##.# # #..{#
#..)....# #. ### ####
#..@# ####.#### #.
......# #...###### ..
#.. #.##.####........##
## #...
#....(.............
....##....(.............
#....#.................
#.#.###.##.#....###.#.
#.......##.#........#
###.######.#....#####


There were no monsters in sight!

Vanquished Creatures
  2 adders
  2 dart slugs
  3 orcs (D:3)
  2 giant cockroaches
  5 goblins
  11 hobgoblins
  2 jackals (D:3)
  5 kobolds
  A ball python (D:1)
  9 bats
  3 frilled lizards (D:1)
  5 rats
  A fungus (D:1)
51 creatures vanquished.

Vanquished Creatures (others)
  3 toadstools (D:1)
3 creatures vanquished.

Grand Total: 54 creatures vanquished

Notes
Turn   | Place    | Note
-------+----------+-------------------------------------------
     0 | D:1      | vurker the Mummy Fire Elementalist began the quest for the
                  | Orb.
     0 | D:1      | Reached XP level 1. HP: 13/13 MP: 4/4
   108 | D:1      | Reached skill level 1 in Conjurations
   362 | D:1      | Reached XP level 2. HP: 19/19 MP: 4/6
   976 | D:1      | Reached XP level 3. HP: 20/25 MP: 5/7
  1414 | D:2      | Found a hazy altar of Hepliaklqana.
  2234 | D:3      | Found an iron altar of Okawaru.
  2375 | D:3      | Found a shimmering altar of Xom.
  2411 | D:3      | Reached XP level 4. HP: 31/31 MP: 7/9
  2458 | D:3      | Reached skill level 1 in Fighting
  2482 | D:3      | Slain by an orc wizard

Levels and vault maps discovered:
D:1:      mrwooster_arrival_statue, layout_basic,
          minmay_misc_feat_secret_circle, minmay_gold_behind_fungi, minivault_19
D:2:      layout_basic, lemuel_doored_altar, first_ration
D:3:      layout_loops_cross, lemuel_coloured_pillars_altar,
          gammafunk_ghost_nasty_kobolds, okawaru_metal_pillars_1_2

Skill      XL: |  1  2  3  4 |
---------------+-------------+-----
Conjurations   | 1 |  1.9
Spellcasting   | 3 |  3.6
Fire Magic     | 3 |  3.0
Fighting       | 1 |  1.0
Dodging        | |  1.5
Stealth        | |  1.5

Action                   |  1- 3 |  4- 6 || total
-------------------------+-------+-------++-------
Melee: Unarmed           |    17 |       ||    17
       Dagger            |    30 |     5 ||    35
 Cast: Flame Tongue      |    73 |    12 ||    85
Armor: Robe              |    13 |     1 ||    14
Dodge: Dodged            |    30 |     9 ||    39

Table legend:
 A = Non-vault XP
 B = Vault XP
 C = Vault XP percentage of total XP
 D = Non-vault monster count
 E = Vault monster count
 F = Vault count percentage of total count
                 A         B        C        D         E       F
            +---------+---------+-------+---------+---------+-------
      Total |     111 |       0 |   0.0 |      50 |       0 |   0.0
            +---------+---------+-------+---------+---------+-------
        D:1 |      42 |       0 |   0.0 |      26 |       0 |   0.0
        D:2 |      39 |       0 |   0.0 |      16 |       0 |   0.0
        D:3 |      30 |       0 |   0.0 |       8 |       0 |   0.0
            +---------+---------+-------+---------+---------+-------
